 Dungeon Crawl Stone Soup version 0.31-a0-716-gc7603755dd (webtiles) character file.

Game seed: 16974111569340195705

2846 bjtr the Fighter (level 9, 0/100 HPs)
             Began as an Ogre Reaver on Sept 11, 2023.
             Succumbed to a kobold brigand's curare-tipped dart
             ... in a bailey.
             The game lasted 00:37:35 (7610 turns).

bjtr the Fighter (Ogre Reaver)                      Turns: 7610, Time: 00:37:36

Health: 0/100      AC:  5    Str: 18    XL:     9   Next: 74%
Magic:  17/17      EV: 11    Int: 26    God:
Gold:   383        SH:  5    Dex:  7    Spells: 8/19 levels left

rFire   + . .        y - +4 dire flail (protect)
rCold   + + .        (shield currently unavailable)
rNeg    . . .        f - +2 robe {rC+}
rPois   +            (helmet restricted)
rElec   +            (no cloak)
rCorr   +            (gloves unavailable)
SInv    .            (boots unavailable)
Will    +....        i - amulet of reflection
Stlth   +            m - ring "Beureic" {Will+ Int+2}
HPRegen 0.36/turn    o - +6 ring of intelligence
MPRegen 0.15/turn

%: reflection
@: lethally poisoned (0 -> -20), resistant, slowed, very slow
A: large, unfitting armour, tough skin 1
a: no special abilities


You were in a bailey.
You visited 2 branches of the dungeon, and saw 8 of its levels.
You also visited: Bailey.

You collected 383 gold pieces.

Inventory:

Hand Weapons
 h - a +1 hand axe of venom
 r - a +1 morningstar
 u - a +4 dagger
 y - a +4 dire flail of protection (weapon)
Missiles
 g - a curare-tipped dart
 v - 32 poisoned darts
Armour
 f - a +2 robe of cold resistance (worn)
Magical Staves
 p - a staff of earth
Jewellery
 c - an amulet of the acrobat
 e - a ring of ice
 i - an amulet of reflection (around neck)
 m - the ring "Beureic" (left hand) {Will+ Int+2}
   (You found it on level 4 of the Dungeon)

   [ring of willpower]

   Int+2:     It affects your intelligence (+2).
   Will+:     It increases your willpower.
 n - an amulet of guardian spirit
 o - a +6 ring of intelligence (right hand)
Talismans
 d - a beast talisman
 q - a maw talisman
Wands
 k - a wand of digging (8)
 l - a wand of paralysis (9)
Scrolls
 a - 3 scrolls of vulnerability
 b - a scroll of blinking
 w - a scroll of fog
Potions
 s - a potion of resistance
 x - a potion of cancellation {unknown}
 B - a potion of degeneration {unknown}


   Skills:
 + Level 9.5 Fighting
 - Level 3.0 Axes
 + Level 7.1 Dodging
 + Level 3.8 Shields
 + Level 5.9 Spellcasting
 * Level 4.9 Conjurations
 + Level 0.1 Air Magic
 + Level 1.0 Poison Magic


You had 8 spell levels left.
You knew the following spells:

 Your Spells              Type           Power      Damage    Failure   Level
a - Kiss of Death         Conj/Necr      80%        2d11      2%          1
b - Momentum Strike       Conj/Tloc      40%        3d9       3%          2
c - Call Imp              Summ           14%        N/A       11%         2
d - Mephitic Cloud        Conj/Pois/Air  18%        N/A       9%          3
e - Hailstorm             Conj/Ice       20%        3d6       8%          3

Your spell library contained the following spells:

 Spells                   Type           Power      Damage    Failure   Level
 Magic Dart               Conj           100%       1d8       1%          1
 Ozocubu's Armour         Ice            7%         N/A       22%         3
 Metabolic Englaciation   Hex/Ice        3%         N/A       89%         5
 Simulacrum               Ice/Necr       3%         N/A       100%        6


Dungeon Overview and Level Annotations

Branches:
Dungeon (7/15)             Temple (1/1) D:6          Bailey (1/1)

Altars:
Ashenzari
Cheibriados
Dithmenos
Elyvilon
Fedhas
Gozag
Hepliaklqana
Makhleb
Nemelex Xobeh
Okawaru
Qazlal
Ru
Trog
Uskayaw
Wu Jian
Xom
Yredelemnul
Zin
The Shining One

Shops:
D:6 [


Innate Abilities, Weirdness & Mutations

You are too large for most types of armour.
You have tough skin. (AC +1)


Message History

The curare-tipped dart completely misses you.
You're too confused to move!
You feel sick.
The kobold brigand throws a poisoned dart.
The poisoned dart hits you!
You are more poisoned.
The orc warrior hits itself with a +0 war axe!
The kobold brigand hits you with a +0 war axe!
* * * LOW HITPOINT WARNING * * *
You feel better.
You feel less invigorated.
The kobold brigand throws a poisoned dart.
The poisoned dart hits you!
You are poisoned.
You block the kobold brigand's attack.
Unknown command.
You feel better.
The kobold brigand seems less confused.
The kobold brigand throws a poisoned dart.
The poisoned dart barely misses you.
The orc warrior hits the orc warrior with a +0 war axe.
The orc warrior splashes around in the water.
The kobold brigand throws a curare-tipped dart.
The curare-tipped dart hits you.
You are poisoned.
You have difficulty breathing.
* * * LOW HITPOINT WARNING * * *
You feel yourself slow down. The kobold brigand misses you.
The kobold brigand throws a curare-tipped dart.
The curare-tipped dart hits you.
You are lethally poisoned!
You have difficulty breathing.
* * * LOW HITPOINT WARNING * * *
You feel as though you will be slow longer.
Unknown command.
Blink to where?
Press: ? - help, Dir - move target, p - kobold brigand
As you read the scroll of blinking, it crumbles to dust.
* * * LOW HITPOINT WARNING * * *
You feel extremely sick.
It was a potion of resistance.
You feel protected.
You die...

####### ##.....##
#...∩.(.# #.....(.#
##..∩.(## ##')'##
#@..# #...# #...#
####...####
##~....(..~##
#####~~......(~~#
#....~~.......~~....#
#.###~~.KK....~~###.#
#....~~.......~~..


You could see 2 kobold brigands.

Vanquished Creatures
  Pikel (D:5)
  Grinder (D:3)
  Sigmund (D:5)
  Edmund (D:5)
  Duvessa (D:5)
  A black bear (D:5)
  An orc warrior (Bailey)
  2 sky beasts
  An ogre (D:5)
  4 kobold brigands
  3 phantoms
  Blork the orc (D:6)
  A scorpion (D:6)
  Dowan (D:5)
  An orc priest (D:5)
  6 hounds
  Jessica (D:3)
  4 iguanas
  Natasha (thrice) (D:3)
  2 sleepcaps
  2 orc wizards
  3 gnolls (D:4)
  4 adders
  4 ufetubi
  3 worms
  8 orcs
  6 ball pythons
  3 endoplasms
  2 giant cockroaches
  6 goblins
  8 hobgoblins
  4 jackals (D:2)
  19 kobolds
  5 quokkas
  11 bats
  2 frilled lizards
  8 rats
135 creatures vanquished.

Vanquished Creatures (collateral kills)
  A kobold (D:3)
1 creature vanquished.

Grand Total: 136 creatures vanquished

Notes
Turn   | Place    | Note
-------+----------+-------------------------------------------
     0 | D:1      | bjtr the Ogre Reaver began the quest for the Orb.
     0 | D:1      | Reached XP level 1. HP: 22/22 MP: 3/3
   154 | D:1      | Reached XP level 2. HP: 25/29 MP: 5/5
   157 | D:1      | Learned a level 2 spell: Momentum Strike
   425 | D:1      | Reached skill level 3 in Fighting
   495 | D:1      | Reached XP level 3. HP: 35/37 MP: 7/7
   761 | D:1      | Found a faded altar of an unknown god.
  1447 | D:2      | Found the +6 lightning scales {swift, rElec}
  1508 | D:2      | Reached XP level 4. HP: 22/45 MP: 5/8
  1843 | D:2      | Learned a level 2 spell: Call Imp
  1847 | D:2      | Learned a level 3 spell: Mephitic Cloud
  2184 | D:3      | Noticed Jessica
  2188 | D:3      | Killed Jessica
  2423 | D:3      | Reached skill level 4 in Fighting
  2539 | D:3      | Noticed Natasha
  2544 | D:3      | Killed Natasha
  2545 | D:3      | Reached XP level 5. HP: 54/54 MP: 6/9
  2824 | D:3      | Noticed Grinder
  2841 | D:3      | Killed Grinder
  2842 | D:3      | Reached skill level 5 in Fighting
  2842 | D:3      | Reached XP level 6. HP: 34/66 MP: 4/11
  3175 | D:3      | Noticed Natasha
  3184 | D:3      | Killed Natasha
  3849 | D:3      | Noticed Natasha
  3863 | D:3      | Killed Natasha
  4127 | D:4      | Noticed a sky beast
  4158 | D:4      | Killed a sky beast
  4159 | D:4      | Reached skill level 1 in Shields
  4159 | D:4      | Reached XP level 7. HP: 28/74 MP: 6/12
  4401 | D:4      | Reached skill level 6 in Fighting
  4682 | D:4      | Identified the ring "Beureic" {Will+ Int+2}
  4771 | D:4      | Found a sparkling altar of Nemelex Xobeh.
  4796 | D:4      | Found a broken altar of Ashenzari.
  5101 | D:5      | Entered Level 5 of the Dungeon
  5101 | D:5      | Noticed Pikel
  5111 | D:5      | Killed Pikel
  5112 | D:5      | Reached skill level 7 in Fighting
  5112 | D:5      | Reached skill level 5 in Dodging
  5112 | D:5      | Reached XP level 8. HP: 51/87 MP: 9/14
  5544 | D:5      | Noticed Edmund
  5555 | D:5      | Killed Edmund
  5556 | D:5      | Reached skill level 5 in Spellcasting
  5795 | D:5      | Noticed Duvessa
  5797 | D:5      | Noticed Dowan
  5804 | D:5      | Killed Duvessa
  5807 | D:5      | Killed Dowan
  5808 | D:5      | Reached skill level 8 in Fighting
  5808 | D:5      | Reached XP level 9. HP: 64/96 MP: 13/17
  6236 | D:5      | Learned a level 3 spell: Hailstorm
  6284 | D:5      | Noticed Sigmund
  6300 | D:5      | Killed Sigmund
  6700 | D:6      | Found a snail-covered altar of Cheibriados.
  6815 | D:6      | Found Alo Qiji's Antique Armour Boutique.
  6893 | D:6      | Found a staircase to the Ecumenical Temple.
  6905 | Temple   | Entered the Ecumenical Temple
  7183 | D:6      | Noticed Blork the orc
  7193 | D:6      | Killed Blork the orc
  7262 | D:6      | Reached skill level 9 in Fighting
  7262 | D:6      | Reached skill level 1 in Poison Magic
  7344 | D:6      | Found a bloodstained altar of Trog.
  7440 | D:7      | Found a basalt altar of Yredelemnul.
  7464 | D:7      | Found a flagged portal.
  7473 | Bailey   | Entered a bailey
  7610 | Bailey   | Succumbed to a kobold brigand's curare-tipped dart

Illustrated notes

Levels and vault maps discovered:
D:1:      moated_graveyard_arrival, layout_loops_ring,
          hellmonk_ecumenical_altar_heavens_door, minmay_misc_feat_x, hex_medium
D:2:      layout_loops_corners
D:3:      layout_loops_corners, dreamdust_mushroom_princess, uniq_natasha,
          uniq_grinder, uniq_jessica
D:4:      layout_loops_ring, mainiacjoe_overflow_large_starburst
D:5:      layout_basic, uniq_pikel, uniq_duvessa, uniq_edmund, uniq_sigmund
D:6:      layout_loops_ring, lightli_temple_of_fire,
          nicolae_overflow_crystal_walls, minmay_temple_entry_poolview,
          serial_shops, nicolae_stop_n_shop_1, uniq_blork_the_orc
D:7:      layout_basic, grunt_temple_overflow_magic_moments,
          mainiacjoe_overflow_24_doors, enter_bailey_6, minmay_chambers_of_fives
Temple:   minmay_temple_curvy_branch
Bailey:   bailey_axe_3, bailey

Skill      XL: |  1  2  3  4  5  6  7  8  9 |
---------------+----------------------------+-----
Dodging        | 2 3 4 5 6 7 |  7.1
Conjurations   | 3 4 |  4.9
Fighting       | 3 4 5 7 8 9 |  9.5
Spellcasting   | 3 4 5 |  5.9
Shields        | 1 2 3 |  3.8
Poison Magic   | 1 |  1.0
Axes           | |  3.0
Air Magic      | |  0.1

Action                     |  1- 3 |  4- 6 |  7- 9 || total
---------------------------+-------+-------+-------++-------
  Melee: Hand axe          |   112 |    83 |       ||   195
         Punch             |     1 |       |       ||     1
         Morningstar       |       |    33 |    90 ||   123
         Dire flail        |       |       |   146 ||   146
   Cast: Momentum Strike   |     9 |    13 |    15 ||    37
         Call Imp          |       |       |     3 ||     3
         Mephitic Cloud    |       |       |     7 ||     7
  Evoke: Wand              |       |     2 |       ||     2
    Use: Scroll            |       |    14 |     5 ||    19
         Potion            |       |       |     7 ||     7
   Stab: Paralysed         |       |     3 |       ||     3
         Confused          |       |       |     2 ||     2
 Armour: Robe              |   110 |    87 |   207 ||   404
  Dodge: Dodged            |    79 |    59 |   162 ||   300
  Block: Other             |     8 |    23 |    72 ||   103
         Reflection        |       |       |     4 ||     4

Table legend: (Time is in decaauts)
 A = Elapsed time spent in this place.
 B = Non-inter-level travel time spent in this place.
 C = Inter-level travel time spent in this place.
 D = Time resting spent in this place.
 E = Time spent auto-exploring this place.
 F = Levels seen in this place.
 G = Mean time per level.
                   A        B        C        D        E       F      G
               +--------+--------+--------+--------+--------+-----+--------+
         Total |   7734 |   7079 |    655 |   1392 |   4162 |   9 |  859.3 |
       Dungeon |   7533 |   6890 |    643 |   1343 |   4154 |   7 | 1076.1 |
        Temple |     56 |     44 |     12 |      0 |      0 |   1 |   56.0 |
        Bailey |    144 |    144 |      0 |     49 |      8 |   1 |  144.0 |
               +--------+--------+--------+--------+--------+-----+--------+

Top non-repeatable levels by time:
     D:3: 1891 daAuts
     D:5: 1451 daAuts
     D:2: 1125 daAuts
     D:4: 1123 daAuts
     D:1: 1017 daAuts
     D:6: 847 daAuts
  Bailey: 144 daAuts
     D:7: 75 daAuts
  Temple: 56 daAuts
